 Dungeon Crawl Stone Soup version 0.30-a0-778-g2ef04afb54 (webtiles) character file.

Game seed: 11892331662765277138

35 pascalblue the Covered (level 3, 0/29 HPs)
             Began as a Meteoran Fighter on Feb 15, 2023.
             Succumbed to a kobold's poison
             ... on level 2 of the Dungeon.
             The game lasted 00:05:19 (715 turns).

pascalblue the Covered (Meteoran Fighter)            Turns: 715, Time: 00:05:20

Health: 0/29       AC:  7    Str: 18    XL:     3   Next: 76%
Magic:  4/4        EV:  9    Int:  9    God:
Gold:   48         SH:  5    Dex: 17    Spells: 2/2 levels left

rFire   . . .      SeeInvis .    a - +0 flail (freeze)
rCold   . . .      Faith    .    c - +0 buckler
rNeg    . . .      Spirit   .    b - +0 scale mail
rPois   .          Reflect  .    (no helmet)
rElec   .          Harm     .    (no cloak)
rCorr   .          Rampage  .    m - +2 pair of gloves
Will    .....                    (no boots) Stlth
                                 (no amulet)
HPRegen 0.24/turn                (no ring)
MPRegen 0.09/turn                (no ring)

@: lethally poisoned (0 -> -10), glowing
A: sense surroundings 1, otherworldly, glowing, explore regen, agile 1, deformed
body, frail 1
a: no special abilities


You were on level 2 of the Dungeon.
You visited 1 branch of the dungeon, and saw 2 of its levels.

You collected 48 gold pieces.

Inventory:

Hand Weapons
 a - a +0 flail of freezing (weapon)
Missiles
 h - 5 boomerangs (quivered)
 k - 6 silver boomerangs
Armour
 b - a +0 scale mail (worn)
 c - a +0 buckler (worn)
 j - a +0 ring mail
 m - a +2 pair of gloves (worn)
Jewellery
 f - a ring of ice
Scrolls
 i - a scroll of teleportation {unknown}
 n - 2 scrolls of identify
 o - a scroll of noise {unknown}
 p - a scroll of poison
Potions
 d - 2 potions of might
 e - a potion of brilliance
 l - a potion of flight {unknown}


   Skills:
 + Level 3.7 Fighting
 + Level 3.4 Maces & Flails
 + Level 4.0 Armour
 + Level 0.5 Dodging
 + Level 3.9 Shields


You had 2 spell levels left.
You didn't know any spells.
Your spell library was empty.

Dungeon Overview and Level Annotations

Branches:
Dungeon (2/15) Zot: 454

Altars:


Innate Abilities, Weirdness & Mutations

You passively map a small area around you.
You are easily found by Zot.
You glow in the dark.
You regain HP and MP as you explore.
You are agile. (Dex +4, Str/Int -1)
Armour fits poorly on your strangely shaped body.
You are frail. (-10% HP)


Message History

The frilled lizard closely misses you. The adder barely misses you.
You closely miss the adder.
The adder is moderately wounded.
You feel sick. The frilled lizard bites you.
The kobold hits you but does no damage.
You are more poisoned.
The adder bites you but does no damage.
You hit the adder but do no damage.
The adder is moderately wounded.
You feel very sick.
The adder is no longer moving slowly.
The kobold closely misses you.
The frilled lizard bites you but does no damage.
The adder bites you but does no damage.
You miss the adder.
The adder is moderately wounded.
You feel very sick. The adder bites you.
You are more poisoned.
The adder poisons you!
The frilled lizard bites you but does no damage.
The kobold hits you but does no damage.
You are lethally poisoned!
You barely miss the adder.
The adder is moderately wounded.
You feel very sick. The adder barely misses you.
The frilled lizard bites you but does no damage.
The kobold completely misses you. The adder bites you but does no damage.
You block the kobold's attack. The frilled lizard bites you.
* * * LOW HITPOINT WARNING * * *
You closely miss the adder.
The adder is moderately wounded.
* * * LOW HITPOINT WARNING * * *
You feel very sick. The adder closely misses you. The kobold barely misses you.
The frilled lizard bites you but does no damage.
You block the adder's attack.
It was a potion of mutation.
You feel extremely strange.
Your body twists and deforms.
You feel frail.
You feel agile.
You die...

* #...
#............ , ,
#... **
#............ #...
#............ , ,
,#...##
#....<....... ,
#....#
#.......##### ,
,...#
*############# ,
#.###.# ##...... **
#...).# #....... ,
* , #@#...#
#....... *
#...).lS#.#.#
#.......
.......K#.####
#....... ,*
.....#..#....#
####.##. ,
........####.#
#.##. ,, .....##.#
#.#######.#.. *#..
.,...,,#.........#*
#...
........######## *
,......#.. , ,


You could see an adder, a kobold and a frilled lizard.

Vanquished Creatures
  A dart slug (D:2)
  2 ball pythons (D:1)
  4 endoplasms (D:1)
  A goblin (D:1)
  3 hobgoblins
  4 jackals (D:1)
  2 quokkas (D:1)
  3 bats (D:1)
  2 frilled lizards (D:1)
  4 kobolds
  4 rats
30 creatures vanquished.

Notes
Turn   | Place    | Note
-------+----------+-------------------------------------------
     0 | D:1      | pascalblue the Meteoran Fighter began the quest for the
                  | Orb.
     0 | D:1      | Reached XP level 1. HP: 19/19 MP: 2/2
    82 | D:1      | Reached XP level 2. HP: 26/26 MP: 3/3
   164 | D:1      | Reached skill level 4 in Armour
   223 | D:1      | Reached XP level 3. HP: 31/31 MP: 4/4
   285 | D:1      | Found a faded altar of an unknown god.
   473 | D:1      | Glimpsed the power of Zot.
   523 | D:1      | Glimpsed the power of Zot.
   715 | D:2      | Gained mutation: Armour fits poorly on your strangely
                  | shaped body. [potion of mutation]
   715 | D:2      | Gained mutation: You are frail. (-10% HP) [potion of
                  | mutation]
   715 | D:2      | Gained mutation: You are agile. (Dex +4, Str/Int -1)
                  | [potion of mutation]
   715 | D:2      | Succumbed to a kobold's poison

Illustrated notes

Levels and vault maps discovered:
D:1:      saegor_arrival_under_anarchy, layout_basic,
          hellmonk_ecumenical_altar_arch_garden, supply_closet_lemuel
D:2:      layout_basic, minmay_tromino_v4_a

Skill      XL: |  1  2 |
---------------+-------+-----
Maces & Flails | 3 |  3.4
Armour         | 4 |  4.0
Fighting       | |  3.7
Dodging        | |  0.5
Shields        | |  3.9

Action                     || total
---------------------------++-------
  Melee: Flail             ||   105
    Use: Scroll            ||     3
         Potion            ||     1
 Armour: Scale mail        ||    70
  Dodge: Dodged            ||    42
  Block: Buckler           ||    29

Table legend: (Time is in decaauts)
 A = Elapsed time spent in this place.
 B = Non-inter-level travel time spent in this place.
 C = Inter-level travel time spent in this place.
 D = Time resting spent in this place.
 E = Time spent auto-exploring this place.
 F = Levels seen in this place.
 G = Mean time per level.
                   A        B        C        D        E       F      G
               +--------+--------+--------+--------+--------+-----+--------+
         Total |    745 |    745 |      0 |     52 |    180 |   2 |  372.5 |
       Dungeon |    745 |    745 |      0 |     52 |    180 |   2 |  372.5 |
               +--------+--------+--------+--------+--------+-----+--------+

Top non-repeatable levels by time:
     D:1: 576 daAuts
     D:2: 169 daAuts
